TOP OF THE 1ST |
---|
Mexico City Cerveceros batting - Pitching for Vancouver Vipers : LHP Gianluigi Ciottone | Pitching: LHP Gianluigi Ciottone | | Batting: RHB John Dinkins | 0-0: Ball 1-0: Ball 2-0: Foul Ball, location: 2F 2-1: Ground out 3-1 (Groundball, 34) | Batting: RHB Robinson Pacheco | 0-0: Ball 1-0: Called Strike 1-1: Ball 2-1: Foul Ball, location: 2F 2-2: Ball 3-2: Base on Balls | Batting: RHB Juan Brieno | 0-0: Ball 1-0: Ground out U3 (Groundball, 23) Robinson Pacheco to second | Batting: SHB Nate Rhodes | 0-0: Ball 1-0: Called Strike 1-1: Ball 2-1: Ball 3-1: Base on Balls | Batting: RHB Lee Price | 0-0: Ball 1-0: Ground out 6-3 (Groundball, 6MD) | Top of the 1st over - 0 runs, 0 hits, 0 errors, 2 left on base; Mexico City 0 - Vancouver 0 | BOTTOM OF THE 1ST |
---|
Vancouver Vipers batting - Pitching for Mexico City Cerveceros : RHP Wayne Walker | Pitching: RHP Wayne Walker | | Batting: RHB Salvador Medine | 0-0: Called Strike 0-1: Called Strike 0-2: Ball 1-2: Ball 2-2: Ball 3-2: Fly out, F5 (Line Drive, 5L) | Batting: RHB Alfredo Hernández | 0-0: Ball 1-0: Foul Ball, location: 2F 1-1: Ball 2-1: Called Strike 2-2: Strikes out swinging | Batting: RHB Ramón Molina | 0-0: Foul Ball, location: 2F 0-1: Ball 1-1: Foul Ball, location: 2F 1-2: Ball 2-2: Fly out, F8 (Flyball, 8LD) | Bottom of the 1st over - 0 runs, 0 hits, 0 errors, 0 left on base; Mexico City 0 - Vancouver 0 | TOP OF THE 2ND |
---|
Mexico City Cerveceros batting - Pitching for Vancouver Vipers : LHP Gianluigi Ciottone | Batting: RHB Júlio López | 0-0: Called Strike 0-1: Swinging Strike 0-2: Strikes out looking | Batting: RHB Orlando Núñes | 0-0: Called Strike 0-1: Swinging Strike 0-2: Strikes out swinging | Batting: LHB Brandon Cummings | 0-0: Ball 1-0: Ball 2-0: Ball 3-0: Called Strike 3-1: SINGLE (Groundball, 34) (infield hit) | Batting: LHB Javier Martínez | 0-0: Swinging Strike 0-1: Ball 1-1: Swinging Strike 1-2: Foul Ball, location: 2F 1-2: Ball 2-2: Strikes out swinging | Top of the 2nd over - 0 runs, 1 hit, 0 errors, 1 left on base; Mexico City 0 - Vancouver 0 | BOTTOM OF THE 2ND |
---|
Vancouver Vipers batting - Pitching for Mexico City Cerveceros : RHP Wayne Walker | Batting: RHB Steve Bender | 0-0: DOUBLE (Flyball, 89XD) | Batting: RHB Walton Smith | 0-0: Foul Ball, location: 2F 0-1: Ball 1-1: 2-RUN HOME RUN (Flyball, 9LD), Distance : 360 ft | Batting: LHB Collin Smith | 0-0: Ground out 4-3 (Groundball, 4) | Batting: RHB Marvin Workman | 0-0: Ball 1-0: Foul Ball, location: 2F 1-1: Called Strike 1-2: Strikes out swinging | Batting: LHB Kyle Harrison | 0-0: Ball 1-0: Called Strike 1-1: Ground out 6-3 (Groundball, 6) | Bottom of the 2nd over - 2 runs, 2 hits, 0 errors, 0 left on base; Mexico City 0 - Vancouver 2 | TOP OF THE 3RD |
---|
Mexico City Cerveceros batting - Pitching for Vancouver Vipers : LHP Gianluigi Ciottone | Batting: RHB John Dinkins | 0-0: Called Strike 0-1: DOUBLE (Line Drive, 7) | Batting: RHB Robinson Pacheco | 0-0: Ball 1-0: Called Strike 1-1: Swinging Strike 1-2: SINGLE (Line Drive, 56D) John Dinkins to third | Batting: RHB Juan Brieno | 0-0: Ball 1-0: Fly out, F4 (Line Drive, 4) | Batting: SHB Nate Rhodes | 0-0: Ball 1-0: Swinging Strike 1-1: Foul Ball, location: 2F 1-2: Foul Ball, location: 2F 1-2: Ball 2-2: Foul Ball, location: 2F 2-2: Ball 3-2: Foul Ball, location: 2F 3-2: Fly out, F5 (Flyball, 56D) | Batting: RHB Lee Price | 0-0: Foul Ball, location: 2F 0-1: Swinging Strike 0-2: Ball 1-2: Foul Ball, location: 2F 1-2: Ball 2-2: Foul Ball, location: 2F 2-2: Fly out, F9 (Flyball, 89M) | Top of the 3rd over - 0 runs, 2 hits, 0 errors, 2 left on base; Mexico City 0 - Vancouver 2 | BOTTOM OF THE 3RD |
---|
Vancouver Vipers batting - Pitching for Mexico City Cerveceros : RHP Wayne Walker | Batting: LHB Nick English | 0-0: Foul Ball, location: 2F 0-1: Foul Ball, location: 2F 0-2: Ball 1-2: Strikes out swinging | Batting: RHB Salvador Medine | 0-0: Called Strike 0-1: Called Strike 0-2: DOUBLE (Line Drive, 7LD) | Batting: RHB Alfredo Hernández | 0-0: Ball 1-0: Swinging Strike 1-1: Called Strike 1-2: Ball 2-2: Ball 3-2: Foul Ball, location: 2F 3-2: Fly out, F3 (Line Drive, 3L) | Batting: RHB Ramón Molina | 0-0: DOUBLE (Line Drive, 89M) Salvador Medine scores | Batting: RHB Steve Bender | 0-0: Swinging Strike 0-1: Ball 1-1: Foul Ball, location: 2F 1-2: Strikes out swinging | Bottom of the 3rd over - 1 run, 2 hits, 0 errors, 1 left on base; Mexico City 0 - Vancouver 3 | TOP OF THE 4TH |
---|
Mexico City Cerveceros batting - Pitching for Vancouver Vipers : LHP Gianluigi Ciottone | Batting: RHB Júlio López | 0-0: Fly out, F4 (Line Drive, 4M) | Batting: RHB Orlando Núñes | 0-0: Ball 1-0: Ball 2-0: Ground out 1-3 (Groundball, 13) | Batting: LHB Brandon Cummings | 0-0: Ball 1-0: Ball 2-0: Swinging Strike 2-1: SOLO HOME RUN (Flyball, 89XD), Distance : 418 ft | Batting: LHB Javier Martínez | 0-0: Called Strike 0-1: Ball 1-1: Swinging Strike 1-2: Ball 2-2: Ball 3-2: Base on Balls | Batting: RHB John Dinkins | 0-0: Called Strike 0-1: Ball 1-1: Foul Ball, location: 2F 1-2: Ball 2-2: Ground out 4-3 (Groundball, 4) | Top of the 4th over - 1 run, 1 hit, 0 errors, 1 left on base; Mexico City 1 - Vancouver 3 | BOTTOM OF THE 4TH |
---|
Vancouver Vipers batting - Pitching for Mexico City Cerveceros : RHP Wayne Walker | Batting: RHB Walton Smith | 0-0: Swinging Strike 0-1: Ball 1-1: Ground out 1-4-3 (Groundball, 15S) | Batting: LHB Collin Smith | 0-0: Swinging Strike 0-1: Called Strike 0-2: Ball 1-2: Ground out 4-3 (Groundball, 4) | Batting: RHB Marvin Workman | 0-0: Called Strike 0-1: Ball 1-1: Ground out 4-3 (Groundball, 4) | Bottom of the 4th over - 0 runs, 0 hits, 0 errors, 0 left on base; Mexico City 1 - Vancouver 3 | TOP OF THE 5TH |
---|
Mexico City Cerveceros batting - Pitching for Vancouver Vipers : LHP Gianluigi Ciottone | Batting: RHB Robinson Pacheco | 0-0: Ball 1-0: DOUBLE (Line Drive, 7LD) | Batting: RHB Juan Brieno | 0-0: Ball 1-0: Ground out 4-3 (Groundball, 4S) Robinson Pacheco to third | Batting: SHB Nate Rhodes | 0-0: Ball 1-0: Called Strike 1-1: Ball 2-1: Foul Ball, location: 2F 2-2: Ground out 5-3 (Groundball, 56S) | Batting: RHB Lee Price | 0-0: Ball 1-0: Ball 2-0: Called Strike 2-1: Foul Ball, location: 2F 2-2: Ball 3-2: Foul Ball, location: 2F 3-2: Strikes out swinging | Top of the 5th over - 0 runs, 1 hit, 0 errors, 1 left on base; Mexico City 1 - Vancouver 3 | BOTTOM OF THE 5TH |
---|
Vancouver Vipers batting - Pitching for Mexico City Cerveceros : RHP Wayne Walker | Batting: LHB Kyle Harrison | 0-0: Called Strike 0-1: Ball 1-1: Swinging Strike 1-2: Ball 2-2: Ground out 1-3 (Groundball, 15) | Batting: LHB Nick English | 0-0: Called Strike 0-1: Ground out 2-3 (Groundball, 2R) | Batting: RHB Salvador Medine | 0-0: Ball 1-0: Called Strike 1-1: DOUBLE (Line Drive, 9LM) | Batting: RHB Alfredo Hernández | 0-0: Called Strike 0-1: Ball 1-1: Ball 2-1: Ball 3-1: Foul Ball, location: 2F 3-2: Fly out, F9 (Flyball, 9S) | Bottom of the 5th over - 0 runs, 1 hit, 0 errors, 1 left on base; Mexico City 1 - Vancouver 3 | TOP OF THE 6TH |
---|
Mexico City Cerveceros batting - Pitching for Vancouver Vipers : LHP Gianluigi Ciottone | Pitching: RHP Pedro Días | | Batting: RHB Júlio López | 0-0: Swinging Strike 0-1: Foul Ball, location: 2F 0-2: Ball 1-2: Foul Ball, location: 2F 1-2: Strikes out swinging | Batting: RHB Orlando Núñes | 0-0: Fly out, F7 (Line Drive, 7) | Batting: LHB Brandon Cummings | 0-0: Ball 1-0: Ground out U3 (Groundball, 3L) | Top of the 6th over - 0 runs, 0 hits, 0 errors, 0 left on base; Mexico City 1 - Vancouver 3 | BOTTOM OF THE 6TH |
---|
Vancouver Vipers batting - Pitching for Mexico City Cerveceros : RHP Wayne Walker | Batting: RHB Ramón Molina | 0-0: Ball 1-0: Called Strike 1-1: Called Strike 1-2: Strikes out looking | Batting: RHB Steve Bender | 0-0: Ball 1-0: Foul Ball, location: 2F 1-1: Ball 2-1: Fly out, F4 (Line Drive, 4) | Batting: RHB Walton Smith | 0-0: Foul Ball, location: 2F 0-1: Foul Ball, location: 2F 0-2: Strikes out swinging | Bottom of the 6th over - 0 runs, 0 hits, 0 errors, 0 left on base; Mexico City 1 - Vancouver 3 | TOP OF THE 7TH |
---|
Mexico City Cerveceros batting - Pitching for Vancouver Vipers : RHP Pedro Días | Batting: LHB Javier Martínez | 0-0: Foul Ball, location: 2F 0-1: Foul Ball, location: 2F 0-2: Ball 1-2: Strikes out swinging | Batting: RHB John Dinkins | 0-0: Called Strike 0-1: Foul Ball, location: 2F 0-2: Ball 1-2: Foul Ball, location: 2F 1-2: SINGLE (Groundball, 4D) | Batting: RHB Robinson Pacheco | 0-0: Swinging Strike 0-1: Called Strike 0-2: Ball 1-2: Strikes out swinging | Batting: RHB Juan Brieno | 0-0: Called Strike 0-1: Ball 1-1: Foul Ball, location: 2F 1-2: Foul Ball, location: 2F 1-2: Foul Ball, location: 2F 1-2: Strikes out swinging | Top of the 7th over - 0 runs, 1 hit, 0 errors, 1 left on base; Mexico City 1 - Vancouver 3 | BOTTOM OF THE 7TH |
---|
Vancouver Vipers batting - Pitching for Mexico City Cerveceros : RHP Wayne Walker | Batting: LHB Collin Smith | 0-0: Fly out, F7 (Flyball, 78M) | Batting: RHB Marvin Workman | 0-0: Ball 1-0: SINGLE (Groundball, 56D) | Batting: LHB Kyle Harrison | 0-0: Ball 1-0: Fielders Choice at 2nd, 6-4 (Groundball, 6) | Batting: LHB Nick English | 0-0: Ground out 3-1 (Groundball, 34) | Bottom of the 7th over - 0 runs, 1 hit, 0 errors, 1 left on base; Mexico City 1 - Vancouver 3 | TOP OF THE 8TH |
---|
Mexico City Cerveceros batting - Pitching for Vancouver Vipers : RHP Pedro Días | Batting: SHB Nate Rhodes | 0-0: Called Strike 0-1: Called Strike 0-2: Ball 1-2: Ball 2-2: Foul Ball, location: 2F 2-2: Ball 3-2: Foul Ball, location: 2F 3-2: Base on Balls | Batting: RHB Lee Price | 0-0: Called Strike 0-1: Foul Ball, location: 2F 0-2: Ball 1-2: Ball 2-2: Strikes out swinging | Pitching: RHP Mark Greene | | Batting: RHB Júlio López | 0-0: Ball 1-0: Called Strike 1-1: Ball 2-1: Foul Ball, location: 2F 2-2: Foul Ball, location: 2F 2-2: SINGLE (Line Drive, 8RM) Nate Rhodes to second | Pitching: RHP Bob Martin | | Pinch Hitting: LHB John Nicholson | 0-0: Ball 1-0: Called Strike 1-1: Ball 2-1: Ball 3-1: Base on Balls Nate Rhodes to third Júlio López to second | Batting: LHB Brandon Cummings | 0-0: Called Strike 0-1: Ball 1-1: Foul Ball, location: 2F 1-2: Strikes out swinging | Batting: LHB Javier Martínez | 0-0: Ball 1-0: Foul Ball, location: 2F 1-1: Ball 2-1: Ball 3-1: Base on Balls Nate Rhodes scores Júlio López to third John Nicholson to second | Batting: RHB John Dinkins | 0-0: Called Strike 0-1: Foul Ball, location: 2F 0-2: Ground out U3 (Groundball, 3S) | Top of the 8th over - 1 run, 1 hit, 0 errors, 3 left on base; Mexico City 2 - Vancouver 3 | BOTTOM OF THE 8TH |
---|
Vancouver Vipers batting - Pitching for Mexico City Cerveceros : RHP Wayne Walker | Now at 1B: John Nicholson | | Batting: RHB Salvador Medine | 0-0: Foul Ball, location: 2F 0-1: Ball 1-1: Ground out 3-1 (Groundball, 34) | Batting: RHB Alfredo Hernández | 0-0: Fly out, F4 (Line Drive, 4M) | Batting: RHB Ramón Molina | 0-0: Fly out, F8 (Flyball, 8LD) | Bottom of the 8th over - 0 runs, 0 hits, 0 errors, 0 left on base; Mexico City 2 - Vancouver 3 | TOP OF THE 9TH |
---|
Mexico City Cerveceros batting - Pitching for Vancouver Vipers : RHP Bob Martin | Pitching: RHP Von Hicks | | Batting: RHB Robinson Pacheco | 0-0: Called Strike 0-1: Swinging Strike 0-2: Strikes out swinging | Batting: RHB Juan Brieno | 0-0: Ball 1-0: Called Strike 1-1: Called Strike 1-2: Ball 2-2: Fly out, F4 (Flyball, 34D) | Batting: SHB Nate Rhodes | 0-0: Ball 1-0: Ball 2-0: Foul Ball, location: 2F 2-1: Foul Ball, location: 2F 2-2: Ball 3-2: Base on Balls | Batting: RHB Lee Price | 0-0: Called Strike 0-1: Ball 1-1: Swinging Strike 1-2: Ball 2-2: Ball 3-2: Strikes out swinging | Top of the 9th over - 0 runs, 0 hits, 0 errors, 1 left on base; Mexico City 2 - Vancouver 3 | |